 Dungeon Crawl Stone Soup version 0.31-a0-544-gceb718ecc6 (webtiles) character file.

Game seed: 5063310040095629700

3931 Shayle the Fighter (level 10, 0/107 HPs)
             Began as an Ogre Shapeshifter on Aug 15, 2023.
             Was an Initiate of Ashenzari.
             Slain by an orange demon (6 damage)
             ... led by Amaemon
             ... on level 8 of the Dungeon.
             The game lasted 00:27:18 (7398 turns).

Shayle the Fighter (Ogre Shapeshifter)              Turns: 7398, Time: 00:27:18

Health: 0/107      AC:  3    Str: 21    XL:     10   Next: 21%
Magic:  19/21      EV: 11    Int: 13    God:    Ashenzari [......]
Gold:   164        SH:  0    Dex:  9    Spells: 21/24 levels left

rFire   . .          .
                       - Unarmed
rCold   . . .        (no shield)
rNeg    . . .        a - +0 animal skin
rPois   .            (helmet currently unavailable)
rElec   .            (cloak currently unavailable)
rCorr   .            (gloves unavailable)
SInv    +            (boots unavailable)
Will    ++...        e - amulet of Ashenzari's Visionary {Regen+, Cun, Melee} (curse)
Stlth   +            g - ring of willpower
HPRegen 1.17/turn    x - ring of see invisible
MPRegen 0.17/turn

%: no passive effects
@: lethally poisoned (0 -> -6), beast-form, freezing walls
A: beast (slay +2), large, unfitting armour, tough skin 1
a: Begin Untransformation, Renounce Religion, Shatter the Chains


You were on level 8 of the Dungeon.
You worshipped Ashenzari.
Ashenzari was noncommittal.
You were a hulking beast.
You visited 2 branches of the dungeon, and saw 11 of its levels.
You also visited: Sewer.

You collected 509 gold pieces.
You spent 345 gold pieces at shops.

Inventory:

Hand Weapons
 b - a +2 mace of holy wrath
 C - a +2 whip of electrocution
 D - a +0 giant spiked club
Missiles
 A - a throwing net
 H - a curare-tipped dart
Armour
 a - a +0 animal skin (worn)
Jewellery
 e - the cursed amulet of Ashenzari's Visionary (around neck) {Regen+, Cun, Melee}
   (You found it on level 1 of the Dungeon)

   [amulet of regeneration]

   Regen+:    It increases your rate of health regeneration.
   It has a curse which improves the following skills: Cunning: Dodging and
   Stealth.
   Melee Combat: Short Blades, Long Blades, Axes, Maces & Flails, Polearms,
   Staves and Unarmed Combat.
 g - a ring of willpower (left hand)
 x - a ring of see invisible (right hand)
Talismans
 c - a beast talisman (active)
 d - a flux talisman
Wands
 G - a wand of quicksilver (6)
 I - a wand of iceblast (10)
Scrolls
 f - a scroll of fog {unknown}
 k - 5 scrolls of blinking
 l - a scroll of amnesia
 m - a scroll of vulnerability {unknown}
 q - a scroll of immolation {unknown}
 r - 2 scrolls of poison {unknown}
 s - a scroll of silence {unknown}
 t - 3 scrolls of revelation {unknown}
 y - a scroll of brand weapon {unknown}
 B - a scroll of enchant weapon {unknown}
 E - 2 scrolls of teleportation
Potions
 h - 2 potions of curing
 i - 2 potions of haste
 j - 3 potions of enlightenment
 n - a potion of brilliance {unknown}
 o - 2 potions of berserk rage
 p - 2 potions of mutation
 u - a potion of ambrosia
 v - a potion of resistance
 w - 2 potions of attraction
 z - a potion of might
 F - a potion of lignification
 J - a potion of magic {unknown}


   Skills:
 + Level 9.6 Fighting
 + Level 4.8(5.2) Dodging
 + Level 7.1(7.5) Unarmed Combat
 + Level 7.7 Spellcasting
 + Level 4.6 Conjurations
 - Level 6.9 Ice Magic
 - Level 3.0 Shapeshifting


You had 21 spell levels left.
You knew the following spells:

 Your Spells              Type           Power      Damage    Failure   Level
a - Frozen Ramparts       Ice            46%        1d7       2%          3

Your spell library contained the following spells:

 Spells                   Type           Power      Damage    Failure   Level
 Metabolic Englaciation   Hex/Ice        7%         N/A       67%         5
 Petrify                  Tmut/Erth      5%         N/A       80%         4


Dungeon Overview and Level Annotations

Branches:
Dungeon (10/15)            Temple (1/1) D:7           Sewer (visited)
   Lair: D:8-11         Orc: D:9-12

Altars:
Ashenzari
Cheibriados
Dithmenos
Elyvilon
Fedhas
Gozag
Hepliaklqana
Kikubaaqudgha
Makhleb
Nemelex Xobeh
Okawaru
Qazlal
Ru
Sif Muna
Trog
Uskayaw
Vehumet
Wu Jian
Xom
Yredelemnul
Zin
The Shining One

Shops:
D:4 :   D:7 ?

Annotations:
D:6 Blork the orc, Jeremiah
D:8 Amaemon


Innate Abilities, Weirdness & Mutations

You are a hulking beast.
Your limbs bulge with bestial killing power. (Slay +2)
You are too large for most types of armour.
You have tough skin. (AC +1)


Message History

The wall freezes the scorpion but does no damage.
The scorpion stings you.
Okay, then.
You feel better.
The wall freezes the scorpion.
The scorpion closely misses you.
The wall freezes the scorpion.
The scorpion closely misses you.
The wall freezes Amaemon but does no damage.
Amaemon hits you with a +0 demon whip of venom!
You are poisoned.
Amaemon claws you. Amaemon tail-slaps you.
The wall freezes the orange demon.
The orange demon completely misses you.
Aiming: Quicksilver Bolt
Press: ? - help, Shift-Dir - straight line, f - orange demon
Aim: an orange demon (moderately wounded, 83% to hit)
The bolt of dispelling energy hits Amaemon!
Amaemon is moderately wounded.
The bolt of dispelling energy hits the orange demon!
The orange demon is heavily wounded.
You feel very sick.
The wall freezes the scorpion.
The scorpion barely misses you.
The wall freezes the scorpion.
The scorpion stings you.
The wall freezes Amaemon.
Amaemon misses you. Amaemon claws you.
* * * LOW HITPOINT WARNING * * *
Amaemon tail-slaps you!
* * * LOW HITPOINT WARNING * * *
The wall freezes the orange demon.
The orange demon stings you from afar!
* * * LOW HITPOINT WARNING * * *
Unknown command.
You feel better.
The wall freezes the scorpion but does no damage.
The scorpion stings you.
* * * LOW HITPOINT WARNING * * *
The wall freezes the scorpion.
The scorpion stings you.
* * * LOW HITPOINT WARNING * * *
You are poisoned.
The scorpion poisons you!
The wall freezes Amaemon.
Amaemon misses you. Amaemon closely misses you. Amaemon tail-slaps you.
* * * LOW HITPOINT WARNING * * *
The wall freezes the orange demon.
The orange demon stings you from afar.
You die...

#..# #.# #.#
#..# #.# #.#
##..## #.# #.#
.....# #.# #.#
.###.# #.# #.#
.# ... #.# #.#
.# .#.# #.#
.....#.#
#.####s##
###### #
#..46h..#
....!.s..$...#
#########.####
# .# .# .# .#


You could see Amaemon, an orange demon and 2 scorpions.

Vanquished Creatures
  Pikel (D:5)
  A troll (D:10)
  Grinder (D:5)
  Prince Ribbit (D:6)
  Eustachio (D:5)
  Menkaure (D:5)
  2 orc warriors
  2 ice beasts
  A sky beast (D:7)
  3 ogres
  A centaur (D:7)
  2 phantoms (D:5)
  2 bullfrogs (D:6)
  A kobold brigand (D:8)
  3 scorpions
  7 wights
  2 hounds (D:6)
  A jelly (D:7)
  3 orc priests
  2 gnoll boudas
  2 sleepcaps
  3 iguanas
  6 orc wizards
  9 gnolls
  10 adders
  3 river rats
  2 white imps
  An ufetubus (D:7)
  3 worms
  3 dart slugs
  18 orcs
  8 ball pythons
  8 endoplasms
  4 giant cockroaches
  3 goblins
  7 hobgoblins
  7 jackals
  10 kobolds
  5 bats
  5 frilled lizards
  9 rats
164 creatures vanquished.

Notes
Turn   | Place    | Note
-------+----------+-------------------------------------------
     0 | D:1      | Shayle the Ogre Shapeshifter began the quest for the Orb.
     0 | D:1      | Reached XP level 1. HP: 19/19 MP: 1/1
   299 | D:1      | Reached XP level 2. HP: 28/28 MP: 1/3
   344 | D:1      | Reached skill level 2 in Fighting
   344 | D:1      | Reached skill level 1 in Spellcasting
   676 | D:2      | Reached XP level 3. HP: 34/36 MP: 5/5
  1188 | D:2      | Reached skill level 3 in Fighting
  1345 | D:3      | Found a shimmering blue altar of Sif Muna.
  1402 | D:3      | Learned a level 3 spell: Frozen Ramparts
  1494 | D:3      | Found a shimmering altar of Xom.
  1553 | D:3      | Reached XP level 4. HP: 45/45 MP: 7/7
  1624 | D:3      | Reached skill level 1 in Ice Magic
  1624 | D:3      | Reached XP level 5. HP: 40/53 MP: 8/8
  1885 | D:3      | Reached skill level 7 in Fighting
  1885 | D:3      | Reached skill level 5 in Unarmed Combat
  1885 | D:3      | Reached skill level 5 in Spellcasting
  1885 | D:3      | Reached skill level 5 in Ice Magic
  1885 | D:3      | Reached XP level 6. HP: 71/71 MP: 8/14
  2439 | D:4      | Found Lubaf's Book Boutique.
  2569 | D:4      | Found a glowing drain.
  2577 | Sewer    | Entered a sewer
  3569 | D:5      | Entered Level 5 of the Dungeon
  3608 | D:5      | Noticed Grinder
  3794 | D:5      | Reached XP level 7. HP: 76/78 MP: 12/15
  3866 | D:5      | Noticed Pikel
  3918 | D:5      | Killed Pikel
  3919 | D:5      | Reached XP level 8. HP: 26/88 MP: 11/17
  4142 | D:5      | Noticed Menkaure
  4152 | D:5      | Killed Menkaure
  4153 | D:5      | Reached skill level 8 in Fighting
  4258 | D:5      | Killed Grinder
  4668 | D:5      | Noticed Eustachio
  4702 | D:5      | Killed Eustachio
  4703 | D:5      | Reached XP level 9. HP: 95/97 MP: 11/19
  4980 | D:6      | Found a basalt altar of Yredelemnul.
  5236 | D:6      | Noticed Prince Ribbit
  5241 | D:6      | Killed Prince Ribbit
  5311 | D:6      | Noticed Blork the orc
  5311 | D:6      | Noticed Jeremiah
  5470 | D:7      | Found Bipraa's Magic Scroll Emporium.
  5487 | D:7      | Bought a scroll of teleportation for 30 gold pieces
  5487 | D:7      | Bought a scroll of identify for 20 gold pieces
  5487 | D:7      | Bought 3 scrolls of blinking for 225 gold pieces
  5487 | D:7      | Bought a scroll of identify for 20 gold pieces
  5487 | D:7      | Bought a scroll of teleportation for 30 gold pieces
  5487 | D:7      | Bought a scroll of identify for 20 gold pieces
  5674 | D:7      | Found a staircase to the Ecumenical Temple.
  5681 | Temple   | Entered the Ecumenical Temple
  5701 | Temple   | Became a worshipper of Ashenzari the Shackled
  5755 | D:7      | Reached skill level 9 in Fighting
  5895 | D:7      | You fall into a shaft and drop 3 floors!
  5895 | D:10     | Entered Level 10 of the Dungeon
  5903 | D:10     | Noticed a troll
  5918 | D:10     | Killed a troll
  6323 | D:7      | Found a snail-covered altar of Cheibriados.
  6325 | D:7      | Found a hide-covered altar of Uskayaw.
  6392 | D:7      | Reached XP level 10. HP: 96/107 MP: 21/21
  7391 | D:8      | Noticed Amaemon
  7392 | D:8      | Noticed an orange demon
  7398 | D:8      | Slain by an orange demon

Illustrated notes

Levels and vault maps discovered:
D:1:      orjb1_lava_funnel, layout_rooms, hangedman_glass_teeth
D:2:      layout_basic, st_stairs_9, serial_bayou_pond_e, kennysheep_nub,
          grunt_ministairs_6
D:3:      layout_loops_corners, xom_teletrap_fun, lemuel_blue_sif_altar
D:4:      layout_basic, lightli_sewer_entry_pipes, serial_shops,
          nicolae_shop_waterfront
D:5:      layout_gridville, uniq_grinder, uniq_menkaure, uniq_eustachio,
          uniq_pikel
D:6:      cheibrodos_helix_gallery, layout_loops_ring,
          mainiacjoe_overflow_small_starburst, kennysheep_generic_room_14,
          uniq_prince_ribbit1, uniq_jeremiah, uniq_blork_the_orc
D:7:      layout_basic, jmf_multi_god_temple, minmay_temple_entry_steel_oval,
          serial_shops, shop, minmay_misc_feat_encased, kb_lookout_dungeons_type
D:8:      layout_loops_ring, kennysheep_path_1, minmay_misc_feat_pillars,
          uniq_amaemon
D:9:      layout_stronghold, serial_demonic, serial_demonic_f, serial_demonic_b,
          serial_demonic_a, serial_demonic_a, serial_demonic_b
D:10:     layout_loops_ring, erik_lair_orcish_takeover, serial_shops, shop,
          hex_medium, uniq_urug, uniq_gastronok
Temple:   bh_familiar_temple

Skill      XL: |  1  2  3  4  5  6  7  8  9 10 |
---------------+-------------------------------+-----
Fighting       | 2 3 7 8 9 |  9.6
Spellcasting   | 1 2 5 6 7 |  7.7
Unarmed Combat | 3 5 6 7 |  7.1
Ice Magic      | 1 5 6 |  6.9
Dodging        | 4 |  4.8
Conjurations   | 3 4 |  4.6
Shapeshifting  | |  3.0

Action                     |  1- 3 |  4- 6 |  7- 9 | 10-12 || total
---------------------------+-------+-------+-------+-------++-------
  Melee: Unarmed           |    73 |   152 |   196 |    62 ||   483
         Punch             |     3 |     6 |     6 |     6 ||    21
   Cast: Frozen Ramparts   |       |     5 |    41 |     7 ||    53
 Invoke: Curse Item        |       |       |       |     1 ||     1
  Evoke: Wand              |       |       |       |     1 ||     1
    Use: Potion            |       |     2 |     2 |     2 ||     6
         Scroll            |       |     9 |     4 |       ||    13
   Stab: Sleeping          |       |     1 |       |       ||     1
 Armour: Animal skin       |    22 |    39 |    24 |    13 ||    98
         Skin              |       |    12 |     3 |       ||    15
  Dodge: Dodged            |    33 |    53 |    80 |    51 ||   217

Table legend: (Time is in decaauts)
 A = Elapsed time spent in this place.
 B = Non-inter-level travel time spent in this place.
 C = Inter-level travel time spent in this place.
 D = Time resting spent in this place.
 E = Time spent auto-exploring this place.
 F = Levels seen in this place.
 G = Mean time per level.
                   A        B        C        D        E       F      G
               +--------+--------+--------+--------+--------+-----+--------+
         Total |   7355 |   7000 |    355 |    803 |   4208 |  12 |  612.9 |
       Dungeon |   6988 |   6671 |    317 |    803 |   4096 |  10 |  698.8 |
        Temple |     39 |      1 |     38 |      0 |      0 |   1 |   39.0 |
         Sewer |    327 |    327 |      0 |      0 |    112 |   1 |  327.0 |
               +--------+--------+--------+--------+--------+-----+--------+

Top non-repeatable levels by time:
     D:7: 1453 daAuts
     D:5: 1139 daAuts
     D:3: 1121 daAuts
     D:4: 826 daAuts
     D:2: 713 daAuts
     D:1: 653 daAuts
     D:6: 579 daAuts
     D:8: 370 daAuts
   Sewer: 327 daAuts
    D:10: 117 daAuts
  Temple: 39 daAuts
     D:9: 13 daAuts
